 Dungeon Crawl Stone Soup version 0.30.1-4-g462c640d31 (webtiles) character file.

Game seed: 17471419947070477365

1728732 LordWeiramon the Slayer (level 27, 174/174 HPs)
             Began as a Vine Stalker Ice Elementalist on Sept 10, 2023.
             Was a High Priest of Ashenzari.
             Escaped with the Orb
             ... and 3 runes!
             The game lasted 07:32:06 (66746 turns).

LordWeiramon the Slayer (VSIE)                     Turns: 66746, Time: 07:32:07

Health: 174/174    AC: 32    Str: 15    XL:     27
Magic:  52/52      EV: 40    Int: 10    God:    Ashenzari [*****.]
Gold:   5747       SH: 43    Dex: 36    Spells: 45/57 levels left

rFire   + + .        a - +9 rapier "Per Aspera Ad Scientiam" {elec, Fort, Self} (curse)
rCold   + . .        y - +8 tower shield of the Sublime Vision {rC+, Melee, Cun} (curse)
rNeg    + . .        l - +3 steam dragon scales "At What Cost Knowledge?" {Alch, Self} (curse)
rPois   .            R - +0 helmet "Eternal Egalitarianism" {Fort, Elem} (curse)
rElec   .            E - +2 cloak "Per Aspera Ad Scientiam" {Will+, Elem, Cun} (curse)
rCorr   .            A - +2 pair of gloves of the Ensconced Seer {Str+3, Cun, Range} (curse)
SInv    +            I - +2 pair of boots of Supernal Gnosis {rF+ MP+9 Str-5, Melee, Self} (curse)
Will    ++++.        V - amulet "Shackled Gnosis" {Reflect Rampage rC+ SH+5, Evo, Fort} (curse)
Stlth   +++          Z - ring of Xefeuppudghi {rN+ AC+4 Str+5 Int-3 Dex+2}
HPRegen 1.29/turn    O - ring "Discomfort of Ashenzari" {Dex+6, Fort, Self} (curse)
MPRegen 0.33/turn

%: reflection, clarity, guardian spirit, rampage
@: studying Fire Magic
A: fangs 3, regeneration 1, magic shield, antimagic bite, no potion heal 2,
deterioration 1, dopey 1, fire resistance 1, cold vulnerability 1
0: Orb of Zot
}: 3/15 runes: barnacled, silver, gossamer
a: Renounce Religion, Curse Item, Shatter the Chains


You escaped.
You worshipped Ashenzari.
Ashenzari was extremely pleased with you.
You visited 10 branches of the dungeon, and saw 50 of its levels.
You also visited: Sewer, Bailey, Ice Cave and Wizlab.

You collected 10400 gold pieces.
You spent 4653 gold pieces at shops.

Inventory:

Hand Weapons
 a - the cursed +9 rapier "Per Aspera Ad Scientiam" (weapon) {elec, Fort, Self}
   (You took it off a merfolk aquamancer on level 2 of the Shoals)

   It has a curse which improves the following skills: Fortitude: Armour and
   Shields.
   Introspection: Fighting and Spellcasting.
Missiles
 f - 38 poisoned darts (quivered)
 p - 5 throwing nets
 D - 23 curare-tipped darts
Armour
 l - the cursed +3 steam dragon scales "At What Cost Knowledge?" (worn) {Alch, Self}
   (You found it on level 7 of the Dungeon)

   It has a curse which improves the following skills: Alchemy: Poison Magic and
   Transmutations.
   Introspection: Fighting and Spellcasting.
 y - the cursed +8 tower shield of the Sublime Vision (worn) {rC+, Melee, Cun}
   (You found it in an ice cave)

   It has a curse which improves the following skills: Melee Combat: Short
   Blades, Long Blades, Axes, Maces & Flails, Polearms, Staves and Unarmed
   Combat.
   Cunning:   Dodging and Stealth.
 A - the cursed +2 pair of gloves of the Ensconced Seer (worn) {Str+3, Cun, Range}
   (You found it on level 4 of the Realm of Zot)

   It has a curse which improves the following skills: Cunning: Dodging and
   Stealth.
   Ranged Combat: Ranged Weapons and Throwing.
 E - the cursed +2 cloak "Per Aspera Ad Scientiam" (worn) {Will+, Elem, Cun}
   (You took it off Nikola on level 3 of the Shoals)

   It has a curse which improves the following skills: Elements: Fire Magic, Ice
   Magic, Air Magic and Earth Magic.
   Cunning:   Dodging and Stealth.
 G - a +2 cloak of preservation
 I - the cursed +2 pair of boots of Supernal Gnosis (worn) {rF+ MP+9 Str-5, Melee, Self}
   (You found it on level 4 of the Dungeon)

   Str:       It affects your strength (-5).
   rF:        It protects you from fire.
   MP:        It affects your magic capacity (+9).
   It has a curse which improves the following skills: Melee Combat: Short
   Blades, Long Blades, Axes, Maces & Flails, Polearms, Staves and Unarmed
   Combat.
   Introspection: Fighting and Spellcasting.
 R - the cursed +0 helmet "Eternal Egalitarianism" (worn) {Fort, Elem}
   (You found it on level 3 of the Dungeon)

   It has a curse which improves the following skills: Fortitude: Armour and
   Shields.
   Elements:  Fire Magic, Ice Magic, Air Magic and Earth Magic.
Jewellery
 h - the ring "Kalaviod" {rN+ Str+6}
   (You found it on level 3 of the Crypt)

   [ring of positive energy]

   Str:       It affects your strength (+6).
   rN:        It protects you from negative energy.
 m - the ring of the Middle {+Blink rC+ AC+4 SInv}
   (You found it on level 2 of the Vaults)

   [ring of protection]

   AC:        It affects your AC (+4).
   rC:        It protects you from cold.
   SInv:      It lets you see invisible.
   +Blink:    It lets you blink.
 n - the ring "Lekirphaide" {Fire *Corrode rElec rN+}
   (You took it off a deep elf blademaster on level 3 of the Elven Halls)

   [ring of fire]

   It enhances your fire magic.
   rF:        It protects you from fire.
   rC:        It makes you vulnerable to cold.
   rElec:     It insulates you from electricity.
   rN:        It protects you from negative energy.
   *Corrode:  It may corrode you when you take damage.
 M - a ring of resist corrosion
 O - the cursed ring "Discomfort of Ashenzari" (right hand) {Dex+6, Fort, Self}
   (You found it on level 7 of the Dungeon)

   [ring of dexterity]

   Dex:       It affects your dexterity (+6).
   It has a curse which improves the following skills: Fortitude: Armour and
   Shields.
   Introspection: Fighting and Spellcasting.
 Q - a ring of poison resistance
 T - a ring of flight
 V - the cursed amulet "Shackled Gnosis" (around neck) {Reflect Rampage rC+ SH+5, Evo, Fort}
   (You bought it in a shop on level 3 of the Vaults)

   [amulet of reflection]

   It reflects blocked missile attacks.
   rC:        It protects you from cold.
   SH:        It affects your SH (+5).
   Rampage:   It bestows one free step when moving towards enemies.
   It has a curse which improves the following skills: Evocations: Evocations.
   Fortitude: Armour and Shields.
 Z - the ring of Xefeuppudghi (left hand) {rN+ AC+4 Str+5 Int-3 Dex+2}
   (You found it on level 4 of the Realm of Zot)

   [ring of protection]

   AC:        It affects your AC (+4).
   Str:       It affects your strength (+5).
   Int:       It affects your intelligence (-3).
   Dex:       It affects your dexterity (+2).
   rN:        It protects you from negative energy.
Wands
 b - a wand of digging (19)
 q - a wand of quicksilver (27)
 t - a wand of flame (58)
 x - a wand of roots (66)
 Y - a wand of mindburst (31)
Scrolls
 g - 9 scrolls of amnesia
 o - 5 scrolls of summoning
 r - 14 scrolls of fog
 v - 13 scrolls of blinking
 z - 10 scrolls of fear
 C - 22 scrolls of teleportation
 N - a scroll of magic mapping
 U - 2 scrolls of silence
Potions
 c - 6 potions of ambrosia
 d - 5 potions of cancellation
 e - 5 potions of might
 i - 13 potions of attraction
 j - 5 potions of invisibility
 s - 9 potions of haste
 u - 13 potions of magic
 w - 5 potions of resistance
 B - 29 potions of curing
 F - 11 potions of mutation
 J - 11 potions of flight
 K - 7 potions of brilliance
 W - 12 potions of berserk rage
Miscellaneous
 k - a lightning rod (4/4)
 H - a condenser vane
 L - a phial of floods
 S - a phantom mirror
 X - a box of beasts


   Skills:
 - Level 23.0(27) Fighting
 - Level 18.6(21.5) Short Blades
 - Level 5.0(7.1) Throwing
 - Level 21.6(26.2) Armour
 + Level 16.6(20.6) Dodging
 - Level 13.2(17.3) Stealth
 - Level 19.6(24.3) Shields
 - Level 10.7(15.7) Spellcasting
 - Level 1.8 Hexes
 - Level 1.1 Translocations
 - Level 3.0(4.8) Transmutations
 - Level 7.1(10.3) Ice Magic
 - Level 3.0(5.6) Earth Magic
 - Level 6.1(8.3) Evocations


You had 45 spell levels left.
You knew the following spells:

 Your Spells              Type           Power      Damage    Failure   Level
a - Freeze                Ice            100%       1d10      1%          1
b - Ozocubu's Armour      Ice            28%        N/A       1%          3
c - Ensorcelled Hibernat  Hex/Ice        40%        N/A       1%          2
d - Passwall              Tmut/Erth      15%        N/A       1%          2
e - Frozen Ramparts       Ice            56%        1d9       1%          3
g - Apportation           Tloc           20%        N/A       6%          1

Your spell library contained the following spells:

 Spells                   Type           Power      Damage    Failure   Level
 Beastly Appendage        Tmut           34%        N/A       1%          1
 Sandblast                Erth           38%        2d10      1%          1
 Wereblood                Tmut           17%        N/A       1%          2
 Sting                    Tmut/Pois      48%        1d5       3%          1
 Hailstorm                Conj/Ice       18%        3d6       3%          3
 Ice Form                 Ice/Tmut       23%        N/A       4%          4
 Foxfire                  Conj/Fire      32%        2x1d5     10%         1
 Magic Dart               Conj           28%        1d4       10%         1
 Necrotise                Necr           28%        1d5       10%         1
 Shock                    Conj/Air       32%        1d5       10%         1
 Summon Small Mammal      Summ           28%        N/A       10%         1
 Blink                    Tloc           20%        N/A       10%         2
 Lesser Beckoning         Tloc           20%        N/A       10%         2
 Stone Arrow              Conj/Erth      26%        3d8       10%         3
 Spider Form              Tmut/Pois      12%        N/A       11%         3
 Petrify                  Tmut/Erth      18%        N/A       12%         4
 Summon Ice Beast         Ice/Summ       18%        N/A       12%         4
 Poisonous Vapours        Pois/Air       16%        N/A       13%         2
 Static Discharge         Conj/Air       16%        2-3/arc   14%         2
 Tukima's Dance           Hex            11%        N/A       14%         3
 Searing Ray              Conj           14%        2d5       16%         2
 Sublimation of Blood     Necr           7%         N/A       16%         2
 Portal Projectile        Hex/Tloc       20%        N/A       16%         3
 Gell's Gravitas          Tloc           10%        N/A       19%         3
 Teleport Other           Tloc           10%        N/A       19%         3
 Dazzling Flash           Conj/Hex       18%        N/A       21%         3
 Summon Guardian Golem    Hex/Summ       9%         N/A       21%         3
 Vhi's Electric Charge    Tloc/Air       18%        N/A       22%         3
 Volatile Blastmotes      Fire/Tloc      18%        2d11      22%         3
 Leda's Liquefaction      Hex/Erth       7%         N/A       22%         4
 Metabolic Englaciation   Hex/Ice        10%        N/A       22%         5
 Swiftness                Air            8%         N/A       26%         3
 Lee's Rapid Deconstruct  Erth           9%         3d7*      26%         5
 Call Canine Familiar     Summ           7%         N/A       30%         3
 Vampiric Draining        Necr           7%         2d6       30%         3
 Animate Armour           Summ/Erth      26%        N/A       30%         4
 Manifold Assault         Tloc           10%        N/A       54%         4
 Passage of Golubria      Tloc           10%        N/A       54%         4
 Fulminant Prism          Conj/Hex       4%         3d5       56%         4
 Yara's Violent Unravell  Hex/Tmut       7%         3d5       56%         5
 Airstrike                Air            4%         2d(1-17)  63%         4
 Iskenderun's Mystic Bla  Conj/Tloc      8%         2d4       63%         4
 Olgreb's Toxic Radiance  Pois           8%         N/A       65%         4
 Borgnjor's Vile Clutch   Necr/Erth      6%         N/A       65%         5
 Flame Wave               Conj/Fire      8%         2d5       67%         4
 Summon Lightning Spire   Summ/Air       8%         N/A       67%         4
 Ozocubu's Refrigeration  Ice            14%        4d10      77%         7
 Silence                  Hex/Air        5%         N/A       87%         5
 Statue Form              Tmut/Erth      12%        N/A       87%         6
 Summon Mana Viper        Hex/Summ       9%         N/A       88%         5
 Simulacrum               Ice/Necr       9%         N/A       88%         6
 Agony                    Necr           7%         N/A       95%         5
 Arcjolt                  Conj/Air       4%         1d14      95%         5
 Fireball                 Conj/Fire      4%         3d4       95%         5
 Conjure Ball Lightning   Conj/Air       4%         3x3d6     100%        6
 Dispersal                Tloc           5%         N/A       100%        6
 Plasma Beam              Fire/Air       4%         2x1d15    100%        6
 Starburst                Conj/Fire      4%         6d3       100%        6
 Malign Gateway           Summ/Tloc      4%         N/A       100%        7
 Monstrous Menagerie      Summ           3%         N/A       100%        7
 Orb of Destruction       Conj           3%         9d5       100%        7
 Spellforged Servitor     Conj/Summ      3%         N/A       100%        7
 Storm Form               Tmut/Air       6%         N/A       100%        7
 Summon Hydra             Summ           3%         N/A       100%        7
 Borgnjor's Revivificati  Necr           3%         N/A       100%        8
 Discord                  Hex            5%         N/A       100%        8
 Disjunction              Tloc           5%         N/A       100%        8
 Lehudib's Crystal Spear  Conj/Erth      6%         10d3      100%        8
 Maxwell's Capacitive Co  Air            4%         ∞         100%        8
 Necromutation            Tmut/Necr      6%         N/A       100%        8
 Death's Door             Necr           3%         N/A       100%        9
 Fire Storm               Conj/Fire      4%         8d1       100%        9
 Polar Vortex             Ice            14%        N/A       100%        9
 Shatter                  Erth           9%         3d11*     100%        9


Dungeon Overview and Level Annotations

Branches:
Dungeon (15/15)            Temple (0/1) D:4            Lair (5/5) D:10
 Shoals (4/4) Lair:2       Spider (4/4) Lair:2        Slime (0/5) Lair:4
    Orc (2/2) D:10            Elf (3/3) Orc:2        Vaults (5/5) D:14
  Crypt (3/3) Vaults:3       Tomb (0/3) Crypt:3      Depths (4/4) D:15
    Zot (5/5) Depths:4      Sewer (visited)          Bailey (visited)
  IceCv (visited)          WizLab (visited)

Altars:
Ashenzari
Elyvilon
Fedhas
Gozag
Kikubaaqudgha
Makhleb
Nemelex Xobeh
Sif Muna
Trog
Uskayaw
The Shining One
Jiyva

Shops:
D:5 (   D:14 (   Orc:2 (![   Elf:2 *   Shoals:1 (   Vaults:3 =   Vaults:4 (:
Vaults:5 ?!!?=(!:   Depths:3 =::

Portals:
Hell: Depths:1 Depths:2 Depths:3 Depths:4
Abyss: Depths:3
Pandemonium: Depths:2 Depths:3
Ziggurat: Depths:2


Innate Abilities, Weirdness & Mutations

You have razor-sharp teeth.
Your natural rate of healing is unusually fast.
When hurt, damage is shared between your health and your magic reserves.
Your bite disrupts and absorbs the magic of your enemies.
Potions cannot restore your health.
Your body sometimes deteriorates upon taking damage.
You are dopey. (Int -2)
Your flesh is heat resistant. (rF+)
You are vulnerable to cold. (rC-)


Message History

There is a stone staircase leading down here.
There is a stone staircase leading up here.
You climb upwards.
There is a stone staircase leading down here.
You see here a +0 dagger.
You sense a monster nearby.
An Orb Guardian comes into view.
You hit the Orb Guardian. You bite the Orb Guardian!! You drain its power.
The Orb Guardian is moderately wounded.
You hit the Orb Guardian but do no damage.
The Orb Guardian is moderately wounded.
You block the Orb Guardian's attack.
You hit the Orb Guardian. Your bite misses the Orb Guardian.
The Orb Guardian is moderately wounded.
You block the Orb Guardian's attack.
You puncture the Orb Guardian! You bite the Orb Guardian! You drain its power.
The Orb Guardian is heavily wounded.
You block the Orb Guardian's attack.
You impale the Orb Guardian!!
Lightning courses through the Orb Guardian!!
You bite the Orb Guardian.
You kill the Orb Guardian!
(D) Dungeon (T) Temple (L) Lair (A) Shoals (N) Spider Nest (M) Slime Pits (O) Orcish Mines (E) Elven Halls (V) Vaults (C) Crypt (W) Tomb (U) Depths (H) Hell (Z) Zot
Where to? (Enter - D:1, ? - help)
There is a stone staircase leading up here.
You climb upwards.
There is a stone staircase leading down here.
There is a stone staircase leading up here.
You climb upwards.
There is a stone staircase leading down here.
There is a stone staircase leading up here.
You climb upwards.
There is a stone staircase leading down here.
There is an open door here.
There is an open door here.
There is a staircase leading out of the dungeon here.
You have escaped!

#.......#####.###.##..###......#.
........#...#.....###...#........
#.#....##.#.#####.#####.##.....#.
......'#..#.....#..####.##'......
.#.#..#..######.##.#....#.#....#.
.#...#####...##.#..#.####.##.....
.#...#...#.#.##'#+##.#....##.....
.#...#.#.#.#.##...##.#.#.###.####
.....'.#.#.#[.'.@.+..#.#.#.'.#
.#...###.#.####...##.#.#.#.#.#
.....##....# ##+#+##.#.#...#.#
.....##.######..#.##...#####.#
......#.#......##.######..#..#
......+##.####..#.....#..#'..####
...#...##.#####.#.###.#.##.......
...#....#...###.#...#...#........
...#....###..##.###.#####.......#


There were no monsters in sight!

Vanquished Creatures
  6 orbs of fire
  2 ancient liches
  A dread lich (Crypt:3)
  Mara (Depths:1)
  Mennas (Crypt:2)
  Vv (Crypt:3)
  Margery (Crypt:2)
  Boris (thrice) (Crypt:3 Depths:1 Depths:3)
  10 Killer Klowns
  The ghost of LordWeiramon the Cardsharp, a veteran HuNe of Nemelex Xobeh (Crypt:1)
  Bai Suzhen (Shoals:4)
  3 curse toes
  7 caustic shrikes
  17 golden dragons
  A Hellbinder (WizLab)
  Nikola (Shoals:3)
  4 electric golems
  A bone dragon (Zot:4)
  Jorgrun (D:13)
  17 tentacled monstrosities
  26 Orb Guardians
  3 deep elf master archers (Elf:3)
  Mlioglotl (Shoals:2)
  7 liches
  A walking divine tome (Depths:3)
  4 quicksilver dragons
  3 walking frostbound tomes
  Asterion (Elf:1)
  2 deep elf blademasters (Elf:3)
  An Executioner (Zot:4)
  4 titans
  13 shadow dragons
  Frances (D:12)
  9 death cobs
  8 sphinxes
  5 ancient champions
  Agnes (Elf:1)
  Kirke (Elf:1)
  2 tengu reavers
  Roxanne (D:14)
  Donald (Elf:3)
  19 draconian monks
  13 storm dragons
  4 revenants (Crypt:3)
  5 draconian knights
  4 narguns (Depths:3)
  7 fire giants
  2 iron dragons
  4 draconian scorchers
  An azure jelly (IceCv)
  9 deep elf sorcerers
  11 frost giants
  8 ghost moths
  18 vault wardens
  3 balrugs (WizLab)
  4 emperor scorpions
  4 ghouls (Crypt:1)
  7 deep elf elementalists (Elf:3)
  2 curse skulls (Crypt:3)
  4 draconian stormcallers
  A spectral caustic shrike (Crypt:3)
  A demonspawn corrupter (D:15)
  12 stone giants
  8 draconian shifters
  6 draconian annihilators
  2 cacodemons
  21 ironbound preservers
  2 orc warlords
  A broodmother (Spider:4)
  3 war gargoyles
  27 very ugly things
  2 spriggan defenders (Depths:2)
  3 quicksilver oozes (IceCv)
  A reaper (Crypt:2)
  13 ironbound thunderhulks
  5 vampire knights
  7 deep elf demonologists
  20 green draconians
  10 black draconians
  2 minotaurs (Shoals:4)
  22 purple draconians
  A lorocyproca (Zot:1)
  9 dire elephants
  18 red draconians
  3 demonspawn black suns
  7 deep elf annihilators (Elf:3)
  10 yellow draconians
  7 spark wasps
  Azrael (Spider:2)
  17 white draconians
  The ghost of arglypuff the Blocker, a journeyman AtFi (Orc:1)
  A spectral titan (Crypt:3)
  3 deep elf death magi
  3 spectral quicksilver dragons (Crypt:3)
  9 eidola
  A blizzard demon (WizLab)
  4 merfolk impalers
  12 ettins
  2 green deaths
  2 merfolk javelineers (Shoals:4)
  2 crystal guardians (Vaults:3)
  Josephine (Spider:1)
  5 jiangshi
  6 deep elf high priests
  10 fire dragons
  4 great orbs of eyes (Vaults:4)
  2 entropy weavers
  8 ice dragons
  3 rakshasas
  18 yaktaur captains
  A spectral fenstrider witch (Crypt:3)
  3 hell beasts
  6 peacekeepers
  3 ogre magi
  31 vault guards
  2 alligator snapping turtles (Shoals:3)
  2 hydras
  3 merfolk aquamancers
  4 spriggan air magi
  3 radroaches
  9 boulder beetles
  4 ironbound frosthearts
  28 centaur warriors
  A spectral draconian (Crypt:3)
  A catoblepas (D:13)
  20 two-headed ogres
  4 merfolk avatars
  25 dancing weapons
  A death yak (Lair:5)
  A spectral stone giant (Crypt:3)
  An azure jelly zombie (Crypt:2)
  3 death knights
  9 satyrs
  4 vampire magi
  2 spectral nagas (Crypt:3)
  2 spriggan berserkers
  5 tengu warriors
  A deep troll shaman (Depths:3)
  7 deep troll earth magi
  3 orc high priests (Orc:2)
  2 spectral storm dragons (Crypt:3)
  A spectral dire elephant (Lair:5)
  5 soul eaters
  16 deep elf knights
  10 hell knights
  2 storm dragon skeletons
  A sixfirhy (Zot:1)
  5 skysharks
  27 skeletal warriors
  A bunyip zombie (Crypt:2)
  2 iron trolls
  4 shadow wraiths (Crypt:3)
  A sun moth (Spider:3)
  53 deep trolls
  9 sea snakes
  11 orb spiders
  11 pharaoh ants
  2 spectral anacondas
  A death drake (Depths:4)
  A shadow demon (D:15)
  A titan skeleton (Crypt:1)
  2 glowing orange brains
  17 deep elf archers
  An obsidian statue (Lair:5)
  An orange crystal statue (Depths:3)
  A swamp dragon (Zot:4)
  A spriggan simulacrum (Crypt:3)
  3 harpies (shapeshifter)
  A spectral iron dragon (Crypt:3)
  8 orc knights
  7 flayed ghosts (Crypt:3)
  31 ugly things
  28 deep elf zephyrmancers
  6 steelbarb worms
  2 lindwurms (Vaults:3)
  5 wizards
  14 phantasmal warriors
  41 deep elf pyromancers
  15 fauns
  21 ironbound convokers
  10 harpies (Shoals:4)
  5 orc sorcerers
  11 necromancers
  A steelbarb worm (shapeshifter) (Vaults:3)
  24 wolf spiders
  9 cyclopes
  20 manticores
  21 moths of wrath
  A stone giant skeleton (Crypt:2)
  10 black mambas
  2 moths of wrath (shapeshifter)
  An elf zombie (Vaults:1)
  4 merfolk sirens
  7 water nymphs
  2 ice statues (IceCv)
  5 rust devils (WizLab)
  19 vault sentinels
  21 elephants
  2 gargoyles (D:11)
  4 demonic crawlers
  An elephant (shapeshifter) (Vaults:4)
  An orange demon (WizLab)
  3 smoke demons (WizLab)
  8 cane toads
  A komodo dragon (shapeshifter) (D:14)
  4 torpor snails
  Psyche (D:12)
  2 kobold demonologists (D:13)
  A shock serpent skeleton (Crypt:3)
  2 unseen horrors
  A tormentor (Depths:4)
  A death yak zombie (Crypt:2)
  5 rime drakes
  27 freezing wraiths
  A hellion (WizLab)
  6 ice devils
  An efreet (D:13)
  9 komodo dragons
  A human skeleton (Vaults:1)
  33 yaktaurs
  A steelbarb worm zombie (Crypt:2)
  4 tengu conjurers (D:14)
  3 red devils
  3 spectral harpies (Crypt:3)
  6 trolls
  A catoblepas skeleton (Crypt:2)
  A sea snake skeleton (Crypt:1)
  5 harpy zombies (Shoals:1)
  22 merfolk
  3 meliai (D:14)
  A tyrant leech (shapeshifter) (Depths:2)
  2 hellwings (WizLab)
  3 polar bears
  A harpy skeleton (Crypt:2)
  2 ettin zombies
  A fire dragon zombie (Crypt:3)
  3 wind drakes
  8 hornets
  7 snapping turtles
  28 tarantellas
  An alligator zombie (Crypt:2)
  7 dream sheep
  2 spectral elephants (Lair:5)
  16 blink frogs
  26 jumping spiders
  9 flying skulls (Crypt:3)
  A centaur simulacrum (Crypt:3)
  5 vampires
  2 spriggans (Depths:2)
  2 large abominations (Zot:4)
  9 culicivoras
  61 slime creatures
  12 water elementals
  13 wraiths
  2 ynoxinuls (WizLab)
  3 air elementals
  35 yaks
  4 shadows
  2 wyverns
  A dire elephant simulacrum (Lair:5)
  2 basilisks (Lair:2)
  A slime creature zombie (Crypt:3)
  4 vampire mosquitoes
  3 steam dragons
  A black mamba skeleton (Crypt:2)
  9 fire elementals
  3 chaos spawn
  4 hogs (Elf:1)
  An alligator snapping turtle simulacrum (Crypt:2)
  3 spectral cane toads (Lair:5)
  A death yak simulacrum (Lair:5)
  6 wargs
  33 redbacks
  A fire bat zombie (Crypt:1)
  A hydra simulacrum (Crypt:3)
  A floating eye (Depths:4)
  3 acid dragons
  3 hell hounds (Spider:2)
  9 water moccasins
  A cane toad skeleton (Crypt:3)
  A sky beast (D:7)
  Pargi (Sewer)
  An elephant zombie (Lair:5)
  28 orc warriors
  An ice beast (D:7)
  5 great orb of eyes simulacra (IceCv)
  11 ogres
  A blink frog zombie (Crypt:2)
  6 wolves (Lair:2)
  A dream sheep skeleton (Crypt:3)
  14 centaurs
  An elephant skeleton (Lair:5)
  3 kobold brigands
  A phantom (D:7)
  5 slime creature simulacra (IceCv)
  A vine stalker zombie (Crypt:1)
  A naga simulacrum (Crypt:3)
  9 bullfrogs
  4 gnoll sergeants
  A cane toad simulacrum (Lair:5)
  An earth elemental (Elf:2)
  4 scorpions
  A glowing shapeshifter simulacrum (IceCv)
  6 wights
  A wyvern skeleton (Crypt:1)
  15 killer bees
  An elephant simulacrum (Lair:5)
  A raiju skeleton (Crypt:2)
  3 howler monkeys
  An electric eel (Spider:4)
  The ghost of mason12 the Gusty, a weakling TeAE (D:3)
  A centaur zombie (Crypt:2)
  2 jellies
  4 quasits (D:3)
  10 hounds
  18 orc priests
  A gnoll bouda (D:8)
  4 iguanas
  3 sleepcaps
  Ijyb (D:4)
  18 orc wizards
  4 shapeshifter simulacra (IceCv)
  A hound skeleton (Crypt:3)
  23 gnolls
  A river rat (D:6)
  A swamp drake zombie (Crypt:3)
  6 adders
  4 white imps
  An ufetubus (D:7)
  An adder skeleton (Crypt:1)
  3 dart slugs
  70 orcs
  8 ball pythons
  A bat zombie (Crypt:1)
  4 endoplasms
  3 giant cockroaches
  6 goblins
  7 hobgoblins
  8 jackals
  22 kobolds
  A quokka (D:3)
  11 bats
  4 frilled lizards
  2 jackal zombies (Crypt:1)
  10 rats
  A rat (shapeshifter) (Vaults:4)
2295 creatures vanquished.

Vanquished Creatures (collateral kills)
  A radroach (Spider:1)
  A jumping spider (Spider:1)
2 creatures vanquished.

Vanquished Creatures (others)
  A deep elf master archer (Elf:3)
  A draconian annihilator (Zot:4)
  A very ugly thing (Depths:4)
  A vampire knight (Depths:4)
  2 deep elf knights
  A deep elf pyromancer (Elf:1)
  3 deep elf zephyrmancers
  2 water elementals (Shoals:4)
  A fire bat zombie (Crypt:3)
  2 orc wizards
  2 orcs (D:6)
  2 starspawn tentacles (Shoals:2)
19 creatures vanquished.

Grand Total: 2316 creatures vanquished

Notes
Turn   | Place    | Note
-------+----------+-------------------------------------------
     0 | D:1      | LordWeiramon the Vine Stalker Ice Elementalist began the
                  | quest for the Orb.
     0 | D:1      | Reached XP level 1. HP: 9/9 MP: 4/4
   198 | D:1      | Reached skill level 1 in Short Blades
   241 | D:1      | Reached XP level 2. HP: 10/13 MP: 6/6
   784 | D:1      | Reached XP level 3. HP: 16/16 MP: 7/7
  1167 | D:2      | Found a faded altar of an unknown god.
  1723 | D:3      | Gained mutation: Your natural rate of healing is unusually
                  | fast. [Vine Stalker growth]
  1723 | D:3      | Reached XP level 4. HP: 21/21 MP: 8/8
  1924 | D:3      | Found a transporter.
  1931 | D:3      | Found a transporter.
  1935 | D:3      | Noticed mason12's ghost (weakling TeAE)
  2197 | D:3      | Reached XP level 5. HP: 24/24 MP: 9/9
  2212 | D:3      | Learned a level 3 spell: Ozocubu's Armour
  2216 | D:3      | Learned a level 3 spell: Frozen Ramparts
  2666 | D:3      | You fall into a shaft and drop 2 floors!
  2666 | D:5      | Entered Level 5 of the Dungeon
  2684 | D:5      | Reached XP level 6. HP: 28/28 MP: 11/13
  2721 | D:5      | Found a broken altar of Ashenzari.
  2734 | D:5      | Became a worshipper of Ashenzari the Shackled
  3220 | D:4      | Noticed Ijyb
  3232 | D:4      | Killed Ijyb
  3233 | D:4      | Reached skill level 5 in Short Blades
  3340 | D:4      | Reached skill level 1 in Fighting
  3350 | D:4      | Reached XP level 7. HP: 33/33 MP: 14/14
  3369 | D:4      | Found a staircase to the Ecumenical Temple.
  3382 | D:4      | Identified the +9 hand axe "Bewoiw" {venom, Int+3 Dex+2}
  3390 | D:4      | Identified the +2 pair of boots of Feasting {rF+ MP+9
                  | Str-5}
  3537 | D:4      | Reached skill level 1 in Shields
  3816 | D:5      | Found Ziebubun's Weapon Shop.
  4304 | D:5      | Gained mutation: You have razor-sharp teeth. [Vine Stalker
                  | growth]
  4304 | D:5      | Reached XP level 8. HP: 37/37 MP: 15/15
  4462 | D:6      | Reached * piety under Ashenzari
  4513 | D:6      | Reached skill level 2 in Fighting
  4524 | D:6      | Found a glowing drain.
  4529 | Sewer    | Entered a sewer
  4556 | Sewer    | Noticed Pargi
  4571 | Sewer    | Killed Pargi
  4715 | D:6      | Noticed a wraith
  4731 | D:6      | Killed a wraith
  5131 | D:6      | Reached skill level 5 in Dodging
  5619 | D:7      | Reached skill level 1 in Armour
  5619 | D:7      | Reached XP level 9. HP: 40/43 MP: 17/17
  5632 | D:7      | Found a flagged portal.
  5671 | D:7      | Learned a level 2 spell: Passwall
  5673 | D:7      | Reached ** piety under Ashenzari
  5692 | Bailey   | Entered a bailey
  5698 | Bailey   | Noticed an orc warlord
  5849 | Bailey   | Found a runed translucent gate.
  5849 | Bailey   | Found a runed translucent gate.
  5849 | Bailey   | Found a runed translucent gate.
  6032 | Bailey   | Killed an orc warlord
  6033 | Bailey   | Reached skill level 5 in Armour
  6076 | Bailey   | Reached skill level 10 in Dodging
  6076 | Bailey   | Reached XP level 10. HP: 49/49 MP: 18/18
  6283 | D:7      | Reached skill level 3 in Fighting
  6377 | D:7      | Noticed an unseen horror
  6377 | D:7      | Noticed a red ugly thing
  6378 | D:7      | Noticed a two-headed ogre
  6392 | D:7      | Noticed a two-headed ogre
  6399 | D:7      | Killed an unseen horror
  6400 | D:7      | Reached XP level 11. HP: 45/55 MP: 19/19
  6504 | D:7      | Found an ancient bone altar of Kikubaaqudgha.
  6506 | D:7      | Found a burning altar of Makhleb.
  6507 | D:7      | Found an opulent altar of Gozag.
  6911 | D:3      | Killed mason12's ghost
  7097 | D:7      | Killed a two-headed ogre
  7166 | D:7      | Identified the staff of earth "Heram" {Str+2 Int+5}
  7223 | D:7      | Reached skill level 5 in Shields
  7255 | D:7      | Found a sparkling altar of Nemelex Xobeh.
  7545 | D:8      | Reached *** piety under Ashenzari
  7912 | D:8      | Found a hide-covered altar of Uskayaw.
  8332 | D:9      | Noticed a two-headed ogre
  8437 | D:9      | Reached **** piety under Ashenzari
  8450 | D:9      | Found a bloodstained altar of Trog.
  8505 | D:9      | Killed a two-headed ogre
  8582 | D:9      | Reached skill level 4 in Fighting
  8762 | D:9      | Reached skill level 5 in Fighting
  8856 | D:9      | a guardian serpent changed into a harpy
  8856 | D:9      | Noticed a harpy (shapeshifter)
  8859 | D:9      | Killed a harpy
  8864 | D:9      | Noticed a two-headed ogre
  8891 | D:9      | Killed a two-headed ogre
  8892 | D:9      | Reached skill level 6 in Fighting
  8918 | D:9      | Noticed a centaur warrior
  8943 | D:9      | Killed a centaur warrior
  9062 | D:9      | Reached skill level 7 in Fighting
  9095 | D:9      | Reached XP level 12. HP: 67/67 MP: 23/23
  9550 | D:10     | Entered Level 10 of the Dungeon
  9595 | D:10     | Noticed a two-headed ogre
  9612 | D:10     | Killed a two-headed ogre
  9657 | D:10     | Noticed a two-headed ogre
  9673 | D:10     | Killed a two-headed ogre
  9674 | D:10     | Reached skill level 5 in Stealth
 10457 | D:10     | Found a staircase to the Lair.
 10493 | D:10     | Learned a level 2 spell: Ensorcelled Hibernation
 10493 | D:10     | Found the +5 Lochaber axe {reach-cleave, Poleaxe Drain}
 10571 | D:10     | Found a staircase to the Orcish Mines.
 10667 | D:11     | Found a frozen archway.
 10687 | D:11     | Reached skill level 1 in Hexes
 10698 | IceCv    | Entered an ice cave
 10885 | IceCv    | Reached skill level 1 in Transmutations
 10885 | IceCv    | Reached skill level 1 in Earth Magic
 10896 | IceCv    | Learned a level 1 spell: Apportation
 11123 | IceCv    | Noticed a quicksilver ooze
 11137 | IceCv    | Killed a quicksilver ooze
 11437 | IceCv    | Reached skill level 5 in Ice Magic
 11472 | IceCv    | Found a viscous altar of Jiyva.
 11472 | IceCv    | Noticed an azure jelly
 11552 | IceCv    | Noticed a quicksilver ooze
 11552 | IceCv    | Killed a quicksilver ooze
 11566 | IceCv    | Noticed a quicksilver ooze
 11566 | IceCv    | Identified the ring "Timius" {Ice rPois Will- Int+5}
 11570 | IceCv    | Killed an azure jelly
 11578 | IceCv    | Killed a quicksilver ooze
 11579 | IceCv    | Reached XP level 13. HP: 62/72 MP: 24/24
 11586 | IceCv    | Reached ***** piety under Ashenzari
 11708 | IceCv    | Reached skill level 1 in Evocations
 12102 | D:11     | Reached skill level 1 in Throwing
 12864 | Lair:1   | Entered Level 1 of the Lair of Beasts
 13027 | Lair:1   | Reached skill level 5 in Throwing
 13786 | Lair:2   | Found a hole to the Spider Nest.
 13855 | Lair:2   | Reached skill level 5 in Evocations
 14048 | Lair:2   | Found a staircase to the Shoals.
 14426 | Lair:2   | Reached XP level 14. HP: 77/77 MP: 25/25
 16142 | Lair:4   | Identified the +11 battleaxe "Tasodgh" {freeze, Contam
                  | *Corrode rElec rF+ rC+++}
 16415 | Lair:4   | Found a viscous altar of Jiyva.
 16415 | Lair:4   | Found a staircase to the Slime Pits.
 16586 | Lair:5   | Entered Level 5 of the Lair of Beasts
 17082 | Lair:5   | Identified the +0 pair of gloves of the Elven Halls {rF+}
 17639 | Lair:5   | Noticed a dire elephant
 17639 | Lair:5   | Noticed a dire elephant
 17640 | Lair:5   | Noticed a dire elephant
 17648 | Lair:5   | Noticed a dire elephant
 17669 | Lair:5   | Killed a dire elephant
 18030 | Lair:5   | Reached skill level 10 in Armour
 18126 | Lair:5   | Noticed a dire elephant
 18169 | Lair:5   | Killed a dire elephant
 18195 | Lair:5   | Reached skill level 8 in Fighting
 18195 | Lair:5   | Reached XP level 15. HP: 83/83 MP: 26/26
 18492 | Lair:5   | Reached skill level 9 in Fighting
 18661 | Lair:5   | Gained mutation: Your flesh is heat resistant. (rF+) [a
                  | neqoxec]
 19221 | D:12     | Identified the ring "Paiwou" {rF+ Int+3}
 19285 | D:12     | Noticed Frances
 19352 | D:12     | Noticed Psyche
 19818 | D:12     | Killed Frances
 20044 | D:12     | Killed Psyche
 20136 | D:13     | Identified the +8 chain mail "Ukhew" {Str+2 Int+2}
 20187 | D:13     | Reached skill level 10 in Stealth
 20379 | D:13     | Noticed Jorgrun
 20421 | D:13     | Killed Jorgrun
 21012 | D:14     | Found Jeg Ario's Antique Weapon Emporium.
 21619 | D:14     | Found a glowing golden altar of the Shining One.
 21845 | D:14     | Reached XP level 16. HP: 88/88 MP: 27/27
 22356 | D:14     | Found a gate to the Vaults.
 22536 | D:15     | Entered Level 15 of the Dungeon
 22710 | D:15     | Identified the Compilation of the Ancient Tables
 23090 | D:15     | Found a staircase to the Depths.
 23702 | D:14     | Noticed Roxanne
 23852 | Orc:1    | Entered Level 1 of the Orcish Mines
 23943 | Orc:1    | Found a runed translucent door.
 23963 | Orc:1    | Noticed arglypuff's ghost (journeyman AtFi)
 24015 | Orc:1    | Killed arglypuff's ghost
 24060 | Orc:1    | Reached skill level 10 in Shields
 24259 | Orc:2    | Entered Level 2 of the Orcish Mines
 24582 | Orc:2    | Found a staircase to the Elven Halls.
 24986 | Orc:2    | Found Xifomi's Weapon Emporium.
 24986 | Orc:2    | Found Kuudurch's Antique Weapon Shop.
 24988 | Orc:2    | Found Dyzasoce's Distillery.
 24988 | Orc:2    | Found Kit Zurr's Armour Shop.
 25003 | Orc:2    | Bought a potion of mutation for 128 gold pieces
 25003 | Orc:2    | Bought a potion of curing for 48 gold pieces
 25003 | Orc:2    | Bought a potion of curing for 48 gold pieces
 25003 | Orc:2    | Bought 3 potions of haste for 480 gold pieces
 25833 | D:14     | Killed Roxanne
 26003 | Spider:1 | Entered Level 1 of the Spider Nest
 26918 | Spider:1 | Noticed Josephine
 26941 | Spider:1 | Killed Josephine
 27071 | Spider:2 | Noticed Azrael
 27343 | Spider:2 | Reached XP level 17. HP: 93/93 MP: 28/28
 27821 | Spider:2 | Killed Azrael
 29311 | Spider:4 | Entered Level 4 of the Spider Nest
 29332 | Spider:3 | Reached skill level 1 in Translocations
 29966 | Spider:4 | Reached skill level 15 in Shields
 30794 | Spider:4 | Reached XP level 18. HP: 98/98 MP: 29/29
 31303 | Spider:4 | Got a gossamer rune of Zot
 31570 | Shoals:1 | Entered Level 1 of the Shoals
 31581 | Shoals:1 | Reached skill level 10 in Short Blades
 31620 | Shoals:1 | Found Nimyfydgh's Weapon Shop.
 31957 | Shoals:1 | Identified the +5 dagger of Qucisad {venom, rN+ Will+ SInv}
 33422 | Shoals:2 | Reached skill level 10 in Fighting
 33864 | Shoals:3 | Noticed Mlioglotl
 34007 | Shoals:2 | Killed Mlioglotl
 34367 | Shoals:3 | Reached skill level 11 in Fighting
 34802 | Shoals:3 | Noticed Nikola
 34839 | Shoals:3 | Killed Nikola
 34919 | Shoals:4 | Entered Level 4 of the Shoals
 35076 | Shoals:4 | Reached skill level 12 in Fighting
 35093 | Shoals:4 | Reached XP level 19. HP: 93/108 MP: 30/30
 35299 | Shoals:4 | Noticed Bai Suzhen
 35372 | Shoals:4 | Killed Bai Suzhen
 35733 | Shoals:4 | Identified the +6 chain mail of the Pleiades {rPois rC-
                  | rCorr Dex+3}
 35824 | Shoals:4 | Paralysed by a sphinx for 3 turns
 35881 | Shoals:4 | Got a barnacled rune of Zot
 36230 | Elf:1    | Entered Level 1 of the Elven Halls
 36284 | Elf:1    | Reached skill level 5 in Spellcasting
 36348 | Elf:1    | Paralysed by an air elemental for 1 turns
 36362 | Elf:1    | Noticed Asterion
 36423 | Elf:1    | Killed Asterion
 36472 | Elf:1    | Found a shimmering blue altar of Sif Muna.
 37093 | Elf:1    | Noticed Kirke
 37117 | Elf:1    | Killed Kirke
 37621 | Elf:2    | Reached skill level 10 in Spellcasting
 37684 | Elf:2    | Found Dever's Assorted Antiques.
 37776 | Elf:2    | Found a large runed translucent door.
 37776 | Elf:2    | Found a large runed translucent door.
 37800 | Elf:2    | Found a large runed translucent door.
 37800 | Elf:2    | Found a large runed translucent door.
 38130 | Elf:2    | Reached XP level 20. HP: 107/113 MP: 38/38
 38710 | Elf:3    | Entered Level 3 of the Elven Halls
 39216 | Elf:3    | Identified the +8 glaive of Resonant Defence {freeze, rPois
                  | rF+}
 39325 | Elf:3    | Identified the staff of cold "Usinex" {rF+ rC+ Dex+4}
 39400 | Elf:3    | Identified the Omnibus of Refrigeration and Phlogiston
 39401 | Elf:3    | Identified the Almanac of Locality
 39401 | Elf:3    | Identified the staff of air "Foaxzub" {rElec Str+2}
 39417 | Elf:3    | Identified the ring "Lekirphaide" {Fire *Corrode rElec rN+}
 39491 | Elf:3    | Noticed Donald
 39511 | Elf:3    | Killed Donald
 39557 | Elf:3    | Identified the +1 scale mail of Zaliac {rN+}
 39829 | Elf:3    | Paralysed by an air elemental for 1 turns
 39857 | Elf:3    | Noticed a Brimstone Fiend
 39890 | Elf:3    | Identified the staff of poison "Soobuu" {rPois rC+ Str+2
                  | SInv}
 39930 | Elf:3    | Identified the +10 hand axe "Neguaj" {pain, Fly}
 40174 | Elf:1    | Noticed Agnes
 40192 | Elf:1    | Killed Agnes
 40460 | Vaults:1 | Entered Level 1 of the Vaults
 40759 | Vaults:1 | Reached XP level 21. HP: 120/120 MP: 40/40
 42563 | Vaults:2 | Identified the ring of the Middle {+Blink rC+ AC+4 SInv}
 42778 | Vaults:3 | Reached skill level 15 in Dodging
 43164 | Vaults:3 | Found a staircase to the Crypt.
 43626 | Vaults:3 | Reached XP level 22. HP: 125/125 MP: 41/41
 43780 | Vaults:3 | Found Hiporch's Jewellery Shoppe.
 43788 | Vaults:3 | Bought the amulet of Impatience {Reflect Rampage rC+ SH+5}
                  | for 836 gold pieces
 44614 | Vaults:4 | Found a magical portal.
 44627 | WizLab   | Entered The Hall of the Hellbinder
 44859 | WizLab   | Identified a scroll of acquirement
 44994 | WizLab   | Found a burning altar of Makhleb.
 45052 | WizLab   | Noticed Hefoisir
 45052 | WizLab   | Identified Cecoinul's Elucidation of Adjuration
 45067 | WizLab   | Killed Hefoisir the Hellbinder
 45149 | WizLab   | Acquired a manual of Fighting
 45540 | Vaults:4 | Reached skill level 13 in Fighting
 45648 | Vaults:4 | Found Waenwamecs's Book Emporium.
 45674 | Vaults:4 | Reached skill level 14 in Fighting
 45738 | Vaults:4 | Bought a manual of Armour for 1120 gold pieces
 45780 | Vaults:4 | Found Atav's Weapon Boutique.
 45819 | Vaults:4 | Reached skill level 15 in Fighting
 46270 | Crypt:1  | Entered Level 1 of the Crypt
 46275 | Crypt:1  | Found a runed translucent gate.
 46275 | Crypt:1  | Found a runed translucent gate.
 46275 | Crypt:1  | Found a runed translucent gate.
 46275 | Crypt:1  | Noticed LordWeiramon's ghost (veteran HuNe)
 46537 | Crypt:1  | Reached skill level 16 in Fighting
 46582 | Crypt:1  | Reached XP level 23. HP: 138/138 MP: 42/42
 47351 | Crypt:1  | Killed LordWeiramon's ghost
 47414 | Crypt:2  | Noticed Margery
 47418 | Crypt:2  | Killed Margery
 47419 | Crypt:2  | Reached skill level 17 in Fighting
 47463 | Crypt:2  | Noticed Mennas
 47554 | Crypt:2  | Killed Mennas
 48220 | Crypt:3  | Entered Level 3 of the Crypt
 48329 | Crypt:3  | Noticed Boris
 48359 | Crypt:3  | Killed Boris
 48582 | Crypt:3  | Noticed Vv
 48659 | Crypt:3  | Killed Vv
 48903 | Crypt:3  | Noticed a dread lich
 48903 | Crypt:3  | Identified the staff of death "Sekiolam" {rF+ rN+}
 48980 | Crypt:3  | Killed a dread lich
 49026 | Crypt:3  | Found a staircase to the Tomb.
 49697 | Crypt:3  | Reached skill level 15 in Armour
 49808 | Crypt:3  | Identified the ring of Bavoghi {rC+ Str+4 Int+6}
 49808 | Crypt:3  | Identified the ring "Kalaviod" {rN+ Str+6}
 49808 | Crypt:3  | Identified the ring "Hook" {rN+ Str+2}
 50646 | Depths:1 | Entered Level 1 of the Depths
 50684 | Depths:1 | Noticed Mara
 50712 | Depths:1 | Reached XP level 24. HP: 137/138 MP: 42/42
 50760 | Depths:1 | Killed Mara
 50834 | Depths:1 | Noticed Boris
 50859 | Depths:1 | Killed Boris
 50945 | Depths:1 | Found a blossoming altar of Fedhas.
 51058 | Depths:1 | Reached skill level 15 in Short Blades
 51407 | Depths:1 | Found a gateway to Hell.
 51855 | Depths:2 | Noticed a caustic shrike
 51944 | Depths:2 | Killed a caustic shrike
 52110 | Depths:2 | Found a one-way gate leading to the halls of Pandemonium.
 52230 | Depths:2 | Found a one-way gateway to a ziggurat.
 52648 | Depths:3 | Found a one-way gate to the infinite horrors of the Abyss.
 52677 | Depths:3 | Found Buvuipunt's Jewellery Shoppe.
 52677 | Depths:3 | Found Puukk's Book Shop.
 52678 | Depths:3 | Found Wousidoc's Book Shop.
 52744 | Depths:3 | Found a white marble altar of Elyvilon.
 52985 | Depths:3 | Noticed Boris
 53023 | Depths:3 | Killed Boris
 53117 | Depths:3 | Found a runed translucent door.
 53123 | Depths:3 | Found a runed translucent door.
 54248 | Depths:4 | Entered Level 4 of the Depths
 54408 | Depths:4 | Reached XP level 25. HP: 150/150 MP: 42/42
 55480 | Depths:4 | Identified the +6 falchion "Tieperuth" {freeze, *Rage rF++
                  | rN+ Int+2}
 55581 | Depths:4 | Found a gate to the Realm of Zot.
 56490 | Vaults:5 | Entered Level 5 of the Vaults
 57038 | Vaults:5 | Reached XP level 26. HP: 155/155 MP: 42/42
 57461 | Vaults:5 | Found Kaob's Distillery.
 57468 | Vaults:5 | Bought a potion of resistance for 140 gold pieces
 57468 | Vaults:5 | Bought a potion of mutation for 112 gold pieces
 57468 | Vaults:5 | Bought a potion of haste for 140 gold pieces
 57495 | Vaults:5 | Found Ityxug's Distillery.
 57500 | Vaults:5 | Bought a potion of curing for 39 gold pieces
 57500 | Vaults:5 | Bought a potion of curing for 39 gold pieces
 57500 | Vaults:5 | Bought a potion of flight for 39 gold pieces
 57500 | Vaults:5 | Bought a potion of invisibility for 104 gold pieces
 57504 | Vaults:5 | Found Hapask's Magic Scroll Boutique.
 57507 | Vaults:5 | Bought a scroll of blinking for 142 gold pieces
 57507 | Vaults:5 | Bought a scroll of summoning for 180 gold pieces
 57507 | Vaults:5 | Bought a scroll of fog for 76 gold pieces
 57863 | Vaults:5 | Noticed an ancient lich
 58225 | Vaults:5 | Killed an ancient lich
 58325 | Vaults:5 | Found Sicules's Jewellery Shoppe.
 58329 | Vaults:5 | Found Netepi's Magic Scroll Shoppe.
 58330 | Vaults:5 | Found Nuezefuacs's Distillery.
 58337 | Vaults:5 | Bought a potion of curing for 60 gold pieces
 58337 | Vaults:5 | Bought a potion of might for 80 gold pieces
 58337 | Vaults:5 | Bought a potion of cancellation for 160 gold pieces
 58337 | Vaults:5 | Bought a potion of might for 80 gold pieces
 58337 | Vaults:5 | Bought a potion of berserk rage for 100 gold pieces
 58343 | Vaults:5 | Bought a scroll of blinking for 142 gold pieces
 58343 | Vaults:5 | Bought a scroll of blinking for 142 gold pieces
 58343 | Vaults:5 | Bought a scroll of blinking for 142 gold pieces
 58343 | Vaults:5 | Bought a scroll of fear for 76 gold pieces
 58382 | Vaults:5 | Found Iroustel's Antique Weapon Boutique.
 58625 | Vaults:5 | Found Zehil's Book Shoppe.
 58678 | Vaults:5 | Got a silver rune of Zot
 59543 | Zot:1    | Entered Level 1 of the Realm of Zot
 59806 | Zot:1    | Identified Noivoerigi's Secrets of Volcanic Incandescence
 61539 | Zot:3    | Reached XP level 27. HP: 127/160 MP: 42/42
 61982 | Zot:3    | Acquired the +2 pair of boots of the Sparrow {rC+ Str+3}
 61984 | Zot:3    | Acquired a ring of flight
 61986 | Zot:3    | Acquired a book of Storms
 62058 | Zot:3    | Identified the +3 dagger of Cytidgh {flame, rElec rPois
                  | Str-2}
 62058 | Zot:3    | Identified the Catalogue of The Black Sun
 62058 | Zot:3    | Noticed an orb of fire
 62115 | Zot:3    | Reached skill level 18 in Fighting
 62150 | Zot:3    | Killed an orb of fire
 62673 | Zot:4    | Identified the amulet of Divine Compulsion {Faith Int+3}
 62673 | Zot:4    | Identified the ring of Xefeuppudghi {rN+ AC+4 Str+5 Int-3
                  | Dex+2}
 62735 | Zot:4    | Reached skill level 19 in Fighting
 63386 | Zot:4    | Identified the +5 ring mail of Gaess {rC+}
 63578 | Zot:4    | Noticed an orb of fire
 63589 | Zot:4    | Killed an orb of fire
 63634 | Zot:4    | Reached skill level 20 in Fighting
 64337 | Zot:5    | Entered Level 5 of the Realm of Zot
 64915 | Zot:5    | Reached skill level 21 in Fighting
 65095 | Zot:5    | Noticed an ancient lich
 65108 | Zot:5    | Killed an ancient lich
 65185 | Zot:5    | Identified the +4 mace "Umaetoy" {flame, Int+3}
 65365 | Zot:5    | Noticed an orb of fire
 65373 | Zot:5    | Gained mutation: You are dopey. (Int -2) [an orb of fire]
 65377 | Zot:5    | Killed an orb of fire
 65455 | Zot:5    | Reached skill level 22 in Fighting
 65668 | Zot:5    | Noticed an orb of fire
 65671 | Zot:5    | Noticed an orb of fire
 65688 | Zot:5    | Killed an orb of fire
 65692 | Zot:5    | Gained mutation: Your body sometimes deteriorates upon
                  | taking damage. [an orb of fire]
 65700 | Zot:5    | Killed an orb of fire
 65713 | Zot:5    | Noticed an orb of fire
 65718 | Zot:5    | Gained mutation: You are vulnerable to cold. (rC-) [an orb
                  | of fire]
 65732 | Zot:5    | Killed an orb of fire
 65840 | Zot:5    | Reached skill level 23 in Fighting
 66163 | Zot:5    | Got the Orb of Zot
 66746 | D:$      | Escaped with the Orb!

Illustrated notes

Levels and vault maps discovered:
D:1:      nicolae_arrival_somewhat_less_tricky_arrival, layout_rooms,
          serial_glass, glass_columns_a, glass_columns_b, glass_columns_a,
          glass_columns_a, glass_columns_a, glass_columns_a, glass_columns_b,
          glass_columns_b, glass_columns_b, glass_columns_c, glass_columns_a,
          glass_columns_a, glass_columns_c, glass_columns_a,
          roderic_serpentine_path
D:2:      layout_loops_cross, dreamdust_ecumenical_altar_statues
D:3:      mumra_celtic_spiral_tile, layout_rooms, gammafunk_ghost_stat_death
D:4:      layout_loops_ring, minmay_temple_entry_waves,
          kennysheep_generic_room_7, uniq_ijyb
D:5:      layout_basic, evilmike_ruin_ashenzari, nicolae_inconvenience_store,
          minmay_misc_feat_ornament, chequers_mini_garden,
          minmay_misc_feat_pillars
D:6:      layout_basic, portal_sewer_entry_e
D:7:      minmay_the_grid_triangle_9x9_rhombus_thin
          [minmay_the_grid_triangle_9x9_thin_v,
          minmay_the_grid_triangle_9x9_prize_center,
          minmay_the_grid_triangle_9x9_alien,
          minmay_the_grid_triangle_9x9_skeleton], layout_loops_cross,
          nemelex_dance_club_becter, minitemple, enter_bailey_8
D:8:      layout_loops_ring, nicolae_uskayaw_suspiria, kennysheep_generic_room_3
D:9:      nzn_winding_woodlands_medium [nzn_winding_woodlands_5x5_open_star,
          nzn_winding_woodlands_5x15_crooked, nzn_winding_woodlands_hourglass,
          nzn_winding_woodlands_5x5_three, nzn_winding_woodlands_center_garden,
          nzn_winding_woodlands_5x5_perimeter, nzn_winding_woodlands_5x5_cross,
          nzn_winding_woodlands_5x15_pool, nzn_winding_woodlands_5x5_default],
          layout_basic, bloody_trog
D:10:     layout_long_grid, lair_entry_dummy, david_orc_4,
          minmay_gold_behind_fungi, minivault_21
D:11:     layout_basic, portal_ice_cave_entry_pillars_1
D:12:     layout_loops_ring, uniq_frances, uniq_psyche
D:13:     layout_gridville, nicolae_elevator_lobby_plus, uniq_jorgrun
D:14:     layout_small_grid, david_vaults_4, serial_shops, shop, tso_altar,
          kennysheep_generic_room_8, uniq_roxanne
D:15:     hangedman_depths_entry_civil_slaughter, layout_gridville, hex_large
Lair:1:   layout_regular_city
Lair:2:   layout_gridlike, minmay_shoals_entry_lonely_mermaid,
          dummy_spider_entry, lemuel_old_faithful, serial_bayou_shore_b,
          infiniplex_staircase_pool_2
Lair:3:   layout_hall_layers, chequers_serial_rivers_micro_b
Lair:4:   layout_regular_city, dpeg_slime_entry_enclosed,
          grunt_forest_small_clearing_treed, lemuel_fruit_tree
Lair:5:   due_jungle_book, layout_cave_pods, st_stairs_6, grunt_megastairs_2
Shoals:1: nicolae_shoals_deep_elves_summer_vacation, layout_shoals,
          serial_shops, shop, nicolae_shoals_undead_eyrie
Shoals:2: cheibrodos_shoals_oceanic_diplomacy, layout_shoals
Shoals:3: layout_shoals, uniq_mlioglotl, uniq_nikola
Shoals:4: shoals_end_hellmonk_lost_city, uniq_bai_suzhen
Spider:1: layout_spider_delve, nicolae_spider_moth_buddies, uniq_josephine
Spider:2: layout_spider_delve, hangedman_spider_tarantella_strand, uniq_azrael
Spider:3: layout_spider_delve
Spider:4: spider_rune_water
Orc:1:    layout_caves, ebering_ghost_inner_flame
Orc:2:    grunt_orc_tribal_feast, layout_caves
Elf:1:    layout_geoelf_octagon, basic_altar, kennysheep_underground_church,
          uniq_asterion, uniq_kirke, uniq_agnes
Elf:2:    elven_hall_of_blades_hangedman_alternative
          [nicolae_blade_entry_splitting_headache], layout_geoelf_diagonals,
          serial_shops, nicolae_shop_real_fake_doors, lemuel_flamethrower_3,
          lemuel_elevator
Elf:3:    nooodl_elf_gasket, layout_geoelf_octagon, uniq_donald
Vaults:1: nicolae_vaults_variable_pillar_hall, nicolae_vaults_circle_grid_b,
          v_misc_14, v_misc_19, v_misc_13, vaults_dpeg_cross, vaults_dpeg_hooks,
          nicolae_vaults_yaktaur_gun_rack, nicolae_vaults_trapezoid_4,
          vaults_mumra_minichess_inversion, hangedman_vaults_restitches,
          nicolae_vaults_trapezoid_lopsided_1, layout_vaults_big_cross
Vaults:2: nicolae_vaults_diamond_2, vaults_room_boxed, nicolae_vaults_heist,
          nicolae_vaults_wine_cellar, layout_vaults_omnigrid
Vaults:3: hangedman_vaults_corner, grunt_vaults_focal,
          nicolae_vaults_storage_room_water,
          nicolae_vaults_storage_room_statues, hangedman_vaults_cutoff,
          minmay_crypt_entry_vampire_xt, nicolae_vaults_tetromino_L_2,
          nicolae_vaults_murder_corner, nicolae_vaults_closet_pinwheel_5,
          v_misc_30, nicolae_vaults_sesquioval_fish,
          nicolae_vaults_tetromino_L_1, ontoclasm_vaults_pinch,
          nicolae_vaults_tetromino_L_1, nicolae_vaults_storage_closets_3,
          vaults_mumra_lcd, layout_vaults_big_room, serial_shops, shop
Vaults:4: infiniplex_enter_wizlab_water, nicolae_vaults_arrows,
          nicolae_vaults_shipping_containers_4, nicolae_vaults_six-pack,
          dpeg_vaults_monster_box, nicolae_vaults_stairing_the_circle,
          vaults_room_mumra_shop_pool, hangedman_vaults_slice, v_misc_30,
          ontoclasm_vaults_decontamination, nicolae_vaults_prndl,
          layout_vaults_omnibox, serial_shops, nicolae_book_shop_shelving
Vaults:5: serial_shops
Crypt:1:  layout_catacombs, ebering_ghost_rock_garden
Crypt:2:  layout_misc_corridors, uniq_margery, uniq_mennas
Crypt:3:  due_elkab, layout_chaotic_city, st_stairs_6, st_shrine_of_skulls,
          uniq_vv, uniq_boris
Depths:1: layout_cave_shapes, grunt_hell_entry_dis_old,
          serial_sigils_hangedman_gut, fedhas_altar_fruit_tree,
          serial_bayou_shore_b, uniq_mara
Depths:2: minmay_cut_squares, layout_gridlike, enter_ziggurat_a, hell_entry,
          rand_demon_pan_entry_5, grunt_ministairs_6, nrook_campfire,
          uniq_josephina
Depths:3: thingy_vault_2, layout_gridlike, elyvilon_altar_1,
          grunt_pan_entry_in_and_out, hangedman_abyss_entry_splay, hell_entry,
          nicolae_rock_paper_scissors, minmay_shop_grove
Depths:4: lemuel_castle_with_subvaults [lemuel_castle_interior_carwin_1],
          layout_basic, hell_entry, columned_hall_lemuel,
          minmay_fractal_squares_diagonal_5
Zot:1:    layout_concentric_octagons, grunt_megastairs_4
Zot:2:    layout_basic, uniq_parghit
Zot:3:    dreamdust_black_sun_cult, layout_concentric_octagons
Zot:4:    grunt_zot_stairs_faceoff, layout_cathedral_of_symmetry,
          st_large_dragon_hoard_2
Zot:5:    layout_basic

Skill      XL: |  1  2  3  4  5  6  7  8  9 10 11 12 13 14 15 16 17 18 19 20 21 22 23 24 25 26 27 |
---------------+----------------------------------------------------------------------------------+-----
Short Blades   | 1 2 3 4 5 6 7 8 9 11 13 14 18 | 18.6
Spellcasting   | 4 10 | 10.7
Fighting       | 1 2 3 7 8 9 12 16 17 23 | 23.0
Shields        | 1 2 5 6 12 16 17 19 | 19.6
Dodging        | 5 10 11 12 16 | 16.6
Armour         | 1 5 10 15 18 21 | 21.6
Stealth        | 8 13 | 13.2
Hexes          | 1 |  1.8
Transmutations | 3 |  3.0
Earth Magic    | 3 |  3.0
Ice Magic      | 7 |  7.1
Evocations     | 6 |  6.1
Throwing       | 5 |  5.0
Translocations | 1 |  1.1

Action                     |  1- 3 |  4- 6 |  7- 9 | 10-12 | 13-15 | 16-18 | 19-21 | 22-24 | 25-27 || total
---------------------------+-------+-------+-------+-------+-------+-------+-------+-------+-------++-------
  Melee: Dagger            |    80 |   167 |   312 |   210 |       |       |       |       |       ||   769
         Bite              |    17 |    48 |   125 |   544 |  1213 |  1830 |  1247 |  1484 |  1795 ||  8303
         Punch             |       |     3 |       |       |       |       |       |       |       ||     3
         Short sword       |       |       |       |  1014 |  2126 |  3335 |   897 |       |       ||  7372
         Rapier            |       |       |       |       |       |       |  1355 |  2552 |  2796 ||  6703
  Throw: Dart              |     2 |     4 |     5 |    21 |    15 |   115 |    17 |     7 |    26 ||   212
   Cast: Freeze            |     1 |       |       |       |       |       |       |       |       ||     1
         Apportation       |       |       |       |     7 |       |       |     1 |       |     8 ||    16
         Passwall          |       |       |       |     3 |    18 |     6 |     1 |     1 |    10 ||    39
         Frozen Ramparts   |       |       |       |       |    21 |       |       |       |       ||    21
         Ozocubu's Armour  |       |       |       |       |    23 |     2 |       |       |       ||    25
         Ensorcelled Hiber |       |       |       |       |     6 |     7 |       |       |       ||    13
 Invoke: Curse Item        |       |       |     3 |     4 |     3 |     1 |     2 |     1 |     2 ||    16
         Shatter the Chain |       |       |       |       |     2 |     1 |     1 |     1 |     2 ||     7
  Evoke: Wand              |       |       |       |       |     2 |    19 |     3 |     3 |     1 ||    28
         Condenser vane    |       |       |       |       |     1 |       |     1 |       |     1 ||     3
         Phial of floods   |       |       |       |       |     1 |       |       |       |       ||     1
         Box of beasts     |       |       |       |       |       |     1 |       |     1 |       ||     2
         Phantom mirror    |       |       |       |       |       |       |       |     1 |       ||     1
         Lightning rod     |       |       |       |       |       |       |       |     2 |     2 ||     4
    Use: Scroll            |     3 |     1 |       |     1 |     6 |     6 |    10 |     4 |    10 ||    41
         Potion            |       |       |     5 |     3 |     1 |     1 |       |       |    10 ||    20
   Stab: Sleeping          |     5 |     5 |     4 |    15 |    59 |    71 |    57 |   109 |    55 ||   380
         Distracted        |     1 |       |       |     1 |     5 |     8 |     8 |    10 |    11 ||    44
         Invisible         |       |       |     4 |       |       |       |       |       |       ||     4
         Confused          |       |       |       |       |       |       |       |       |     2 ||     2
 Armour: Robe              |    14 |       |       |       |       |       |       |       |       ||    14
         Leather armour    |     2 |    40 |    33 |       |       |       |       |       |       ||    75
         Steam dragon scal |       |       |    21 |   116 |   195 |   174 |   111 |    72 |   158 ||   847
  Dodge: Dodged            |    31 |    63 |   110 |   492 |   825 |   844 |   537 |   621 |   869 ||  4392
  Block: Buckler           |       |       |    48 |   203 |   377 |       |       |       |       ||   628
         Tower shield      |       |       |       |       |   125 |  3282 |  2205 |  2324 |  2698 || 10634
         Reflection        |       |       |       |       |       |       |       |    19 |    55 ||    74
